 Dungeon Crawl Stone Soup version 0.28-a0-1143-gcf6077d4cc (webtiles) character file.

Game seed: 5221341396890756533

27244 septik the Severer (level 13, -3/190 HPs)
             Began as a Minotaur Berserker on Dec 14, 2021.
             Was a High Priest of Trog.
             Slain by a skeletal warrior (23 damage)
             ... led by a skeletal warrior
             ... on level 13 of the Dungeon.
             The game lasted 00:26:30 (14870 turns).

septik the Severer (Minotaur Berserker)            Turns: 14870, Time: 00:26:31

Health: -3/190     AC:  5    Str: 33    XL:     13   Next: 3%
Magic:  3/3        EV: 12    Int:  4    God:    Trog [*****.]
Gold:   210        SH:  5    Dex: 10    Spells: 12/12 levels left

rFire   + . .      SeeInvis .   r - +4 war axe (freeze)
rCold   . . .      Faith    .   m - +1 buckler
rNeg    . . .      Spirit   .   P - +0 troll leather armour
rPois   +          Reflect  .   (helmet unavailable)
rElec   .          Harm     .   (no cloak)
rCorr   .          Rampage  .   (no gloves)
Will    +....                   i - +0 pair of boots
Stlth   ..........              (no amulet)
HPRegen 1.21/turn               D - ring of the Lonely Knives {rPois rF+ Will+ MP-9}
MPRegen 0.08/turn               q - +6 ring of strength

@: berserking (expiring), very quick
A: horns 3, retaliatory headbutt
a: Renounce Religion, Berserk, Trog's Hand, Brothers in Arms


You were on level 13 of the Dungeon.
You worshipped Trog.
Trog was extremely pleased with you.
You visited 1 branch of the dungeon, and saw 13 of its levels.
You also visited: Bailey.

You collected 681 gold pieces.
You spent 471 gold pieces at shops.

Inventory:

Hand Weapons
 a - a +0 hand axe
 r - a +4 war axe of freezing (weapon)
 A - a +1 whip of freezing
 S - a +2 antimagic broad axe
 V - the +9 hand axe "Zaitt" {vorpal, *Corrode Will+ Str+5}
   (You bought it in a shop on level 13 of the Dungeon)

   It inflicts extra damage upon your enemies.
   Str:       It affects your strength (+5).
   *Corrode:  It may corrode you when you take damage.
   Will:      It increases your willpower.
Missiles
 c - 539 stones (quivered)
 J - 4 throwing nets
Armour
 i - a +0 pair of boots (worn)
 m - a +1 buckler (worn)
 C - a +0 chain mail
 I - a scarf of harm
 N - a +0 plate armour
 P - a +0 troll leather armour (worn)
Jewellery
 j - a ring of resist corrosion
 q - a +6 ring of strength (right hand)
 w - a ring of magical power
 D - the ring of the Lonely Knives (left hand) {rPois rF+ Will+ MP-9}
   (You bought it in a shop on level 7 of the Dungeon)

   [ring of poison resistance]

   rF:        It protects you from fire.
   rPois:     It protects you from poison.
   MP:        It affects your magic capacity (-9).
   Will:      It increases your willpower.
 O - a ring of ice
 X - a +6 ring of dexterity
Wands
 s - a wand of acid (18)
 G - a wand of iceblast (11)
 H - a wand of paralysis (5)
 L - a wand of charming (19)
 R - a wand of flame (15)
Scrolls
 d - a scroll of blinking
 f - 4 scrolls of vulnerability
 h - a scroll of enchant weapon
 l - 3 scrolls of noise
 t - a scroll of brand weapon
 u - 2 scrolls of enchant armour
 v - a scroll of teleportation
 y - a scroll of fog {unknown}
 E - 2 scrolls of acquirement
 F - a scroll of silence {unknown}
 M - a scroll of immolation {unknown}
 Q - 2 scrolls of fear {unknown}
 Y - 4 scrolls of identify
Potions
 b - 4 potions of magic {unknown}
 e - 9 potions of curing
 g - 2 potions of ambrosia {unknown}
 k - 2 potions of brilliance
 n - 4 potions of flight
 o - a potion of haste
 p - 9 potions of heal wounds {unknown}
 x - a potion of berserk rage {unknown}
 z - 3 potions of invisibility {unknown}
 B - 5 potions of lignification {unknown}
 K - a potion of cancellation {unknown}
 T - a potion of degeneration {unknown}
 U - a potion of attraction {unknown}
 W - a potion of might {unknown}


   Skills:
 + Level 15.3 Fighting
 - Level 20.4 Axes
 + Level 4.2 Armour
 + Level 3.9 Dodging
 - Level 4.0 Shields


You had 12 spell levels left.
You didn't know any spells.
Your spell library was empty.

Dungeon Overview and Level Annotations

Branches:
Dungeon (13/15)            Temple (0/1) D:5            Lair (0/6) D:10
    Orc (0/2) D:9          Bailey (visited)
 Vaults: D:13-14

Altars:
Dithmenos
Elyvilon
Gozag
Nemelex Xobeh
Ru
Sif Muna
Uskayaw
Vehumet
Yredelemnul
The Shining One
Beogh

Shops:
D:1 (   D:7 =   D:13 (

Annotations:
D:8 exclusion: orange crystal statue


Innate Abilities, Weirdness & Mutations

You have a pair of large horns on your head.
You reflexively headbutt those who attack you in melee.


Message History

The skeletal warrior is moderately damaged.
You hit the skeletal warrior but do no damage.
You hit the skeletal warrior.
Your headbutt misses the skeletal warrior.
The skeletal warrior is heavily damaged.
You slash the skeletal warrior! You freeze the skeletal warrior.
The skeletal warrior hits you with a +0 hand axe!
The skeletal warrior hits you with a +0 scimitar!!
You are too injured to fight recklessly!
You are too injured to fight recklessly!
You are too injured to fight recklessly!
You are too injured to fight recklessly!
You are too injured to fight recklessly!
You are too injured to fight recklessly!
You are too injured to fight recklessly!
You slash the skeletal warrior! You freeze the skeletal warrior.
You headbutt the skeletal warrior!!
The skeletal warrior is almost destroyed.
You closely miss the skeletal warrior. You slash the skeletal warrior!
You freeze the skeletal warrior.
You destroy the skeletal warrior!
Trog accepts your kill.
You barely miss the skeletal warrior.
The skeletal warrior hits you with a +0 scimitar!
The skeletal warrior hits you with a +0 long sword!!
* * * LOW HITPOINT WARNING * * *
Things that are here:
a +0 hand axe; a +0 mace You slice the skeletal warrior!!
You freeze the skeletal warrior.
The skeletal warrior is heavily damaged.
You barely miss the skeletal warrior. You closely miss the skeletal warrior.
The skeletal warrior hits you with a +0 scimitar!
* * * LOW HITPOINT WARNING * * *
The skeletal warrior hits you with a +0 long sword!
* * * LOW HITPOINT WARNING * * *
You slice the skeletal warrior!! You freeze the skeletal warrior.
The skeletal warrior is almost destroyed.
You barely miss the skeletal warrior. You slice the skeletal warrior!!
The skeletal warrior hits you with a +0 long sword!!
You die...

###.........#......#.......##..#.
..#.[.......'..>...#.......##..#.
..#.........#......#.#.....##..#.
..#..........#.....#.#.....##..#.
...#...##...#......#.#.....##..'.
))..#..##..#.......#.#.........#.
.)...#....#........#...........#.
##....#..#....###+##...........##
..##..##..##..'@z.#####'########
...##..##..##..#zz...#...........
......#..#.....#.....#...........
.... ....#....#.....#...........
....# .##..#...#....############.
##.#. #...#..###### #######.
......#.# ........ ........#
........ ........


You could see 3 skeletal warriors.

Vanquished Creatures
  Gastronok (D:8)
  Harold (D:9)
  2 hydras
  A centaur warrior (D:13)
  Erica (D:11)
  2 two-headed ogres (D:12)
  A catoblepas (D:13)
  3 skeletal warriors (D:13)
  Pikel (D:5)
  A deep elf zephyrmancer (D:9)
  A deep elf pyromancer (D:9)
  2 ugly things
  5 cyclopes
  An elephant (D:10)
  2 gargoyles
  Psyche (D:9)
  5 kobold demonologists
  An unseen horror (D:12)
  A komodo dragon (D:12)
  An efreet (D:13)
  8 trolls
  3 hornets
  Prince Ribbit (D:9)
  3 slime creatures (D:13)
  Sigmund (D:2)
  3 wraiths
  A wyvern (D:8)
  Grum (D:8)
  7 yaks (D:10)
  2 basilisks (D:10)
  6 vampire mosquitoes
  An acid dragon (D:12)
  Edmund (D:4)
  2 water moccasins
  11 orc warriors
  3 sky beasts
  A swamp drake (D:9)
  2 black bears (D:5)
  A necrophage (D:6)
  4 ogres
  8 centaurs
  2 wolves (D:8)
  2 lemures (D:5)
  5 kobold brigands
  3 gnoll sergeants
  A scorpion (D:7)
  A water moccasin skeleton (D:4)
  4 killer bees (D:7)
  15 wights
  A howler monkey (D:9)
  A crimson imp (D:9)
  A bullfrog zombie (D:7)
  3 centaur zombies
  3 hounds
  A bullfrog skeleton (D:5)
  9 orc priests
  A gnoll shaman (D:7)
  An iron imp (D:9)
  A jelly (D:5)
  4 iguanas
  A scorpion zombie (D:5)
  12 orc wizards
  A killer bee zombie (D:7)
  A hound zombie (D:5)
  Robin (D:2)
  A howler monkey zombie (D:9)
  29 gnolls
  9 adders
  A howler monkey skeleton (D:7)
  2 shadow imps
  2 white imps
  An ufetubus (D:5)
  An adder skeleton (D:4)
  4 worms
  2 dart slugs
  66 orcs
  4 bats
  3 endoplasms
  5 giant cockroaches
  12 goblins
  17 hobgoblins
  3 quokkas
  9 ball pythons
  2 frilled lizards
  29 kobolds
  8 rats
389 creatures vanquished.

Notes
Turn   | Place    | Note
-------+----------+-------------------------------------------
     0 | D:1      | septik the Minotaur Berserker began the quest for the Orb.
     0 | D:1      | Reached XP level 1. HP: 19/19 MP: 0/0
   249 | D:1      | Reached skill level 4 in Axes
   384 | D:1      | Reached XP level 2. HP: 24/27 MP: 1/1
   958 | D:1      | Found Raessu's Antique Weapon Shoppe.
  1409 | D:2      | Reached XP level 3. HP: 30/33 MP: 2/2
  1486 | D:2      | Reached ** piety under Trog
  1533 | D:2      | Noticed Sigmund
  1560 | D:2      | Killed Sigmund
  1561 | D:2      | Reached skill level 5 in Fighting
  1561 | D:2      | Reached skill level 6 in Axes
  1561 | D:2      | Reached XP level 4. HP: 42/42 MP: 3/3
  1561 | D:2      | Reached XP level 5. HP: 48/48 MP: 4/4
  1656 | D:2      | Noticed Robin
  1670 | D:2      | Killed Robin
  2203 | D:3      | Reached skill level 7 in Axes
  2354 | D:3      | Found a glowing golden altar of the Shining One.
  2385 | D:3      | Reached XP level 6. HP: 55/56 MP: 5/5
  2700 | D:3      | Reached *** piety under Trog
  2822 | D:4      | Reached skill level 1 in Shields
  2895 | D:4      | Noticed Edmund
  2902 | D:4      | Killed Edmund
  2982 | D:4      | Reached XP level 7. HP: 63/63 MP: 6/6
  3067 | D:4      | Reached skill level 8 in Axes
  3539 | D:5      | Entered Level 5 of the Dungeon
  3545 | D:5      | Gained mutation: You have a pair of large horns on your
                  | head. [potion of mutation]
  3845 | D:5      | Reached skill level 9 in Axes
  4177 | D:5      | Reached XP level 8. HP: 73/73 MP: 7/7
  4440 | D:5      | Noticed Pikel
  4451 | D:5      | Killed Pikel
  4452 | D:5      | Reached skill level 11 in Axes
  4811 | D:5      | Found a shimmering blue altar of Sif Muna.
  4812 | D:5      | Found a hide-covered altar of Uskayaw.
  4812 | D:5      | Found a sparkling altar of Nemelex Xobeh.
  4812 | D:5      | Found a sacrificial altar of Ru.
  4815 | D:5      | Found a shadowy altar of Dithmenos.
  5063 | D:5      | Found a staircase to the Ecumenical Temple.
  5277 | D:6      | Reached XP level 9. HP: 82/82 MP: 8/8
  5797 | D:6      | Reached skill level 12 in Axes
  6225 | D:6      | Found a basalt altar of Yredelemnul.
  6287 | D:6      | Found a white marble altar of Elyvilon.
  6699 | D:7      | Found Ceekk's Jewellery Boutique.
  6699 | D:7      | Found View's Antique Weapon Boutique.
  6720 | D:7      | Reached skill level 13 in Axes
  6998 | D:7      | Bought the ring of the Lonely Knives {rPois rF+ Will+ MP-9}
                  | for 207 gold pieces
  7512 | D:8      | Reached skill level 10 in Fighting
  7514 | D:8      | Reached **** piety under Trog
  7765 | D:8      | Noticed Gastronok
  7774 | D:8      | Killed Gastronok
  7775 | D:8      | Reached skill level 14 in Axes
  7775 | D:8      | Reached XP level 10. HP: 94/94 MP: 0/9
  7855 | D:8      | Found an opulent altar of Gozag.
  7923 | D:8      | Noticed a cyclops
  7934 | D:8      | Killed a cyclops
  8160 | D:8      | Noticed an orange crystal statue
  8252 | D:8      | Noticed Grum
  8259 | D:8      | Killed Grum
  8260 | D:8      | Reached skill level 15 in Axes
  8632 | D:8      | Paralysed by a centaur for 4 turns
  8966 | D:9      | Noticed Harold
  8973 | D:9      | Killed Harold
  8974 | D:9      | Noticed a cyclops
  8976 | D:9      | Killed a cyclops
  8977 | D:9      | Reached skill level 16 in Axes
  9026 | D:9      | Noticed Prince Ribbit
  9033 | D:9      | Killed Prince Ribbit
  9035 | D:9      | Noticed Psyche
  9048 | D:9      | Reached XP level 11. HP: 74/104 MP: 1/10
  9050 | D:9      | Killed Psyche
  9071 | D:9      | Found a staircase to the Orcish Mines.
  9162 | D:9      | Found a flagged portal.
  9169 | Bailey   | Entered a bailey
  9750 | Bailey   | Reached ***** piety under Trog
 10233 | D:9      | Noticed a deep elf zephyrmancer
 10240 | D:9      | Killed a deep elf zephyrmancer
 10481 | D:9      | Noticed a deep elf pyromancer
 10489 | D:9      | Killed a deep elf pyromancer
 10490 | D:9      | Reached skill level 17 in Axes
 11034 | D:10     | Entered Level 10 of the Dungeon
 11170 | D:10     | Noticed an eight-headed hydra
 11176 | D:10     | Killed an eight-headed hydra
 11257 | D:10     | Found a radiant altar of Vehumet.
 11302 | D:10     | Noticed a green ugly thing
 11307 | D:10     | Killed a green ugly thing
 11341 | D:10     | Reached skill level 18 in Axes
 11604 | D:10     | Found a staircase to the Lair.
 12354 | D:11     | Reached XP level 12. HP: 103/116 MP: 2/11
 12394 | D:11     | Received a gift from Trog
 12589 | D:11     | Reached skill level 19 in Axes
 12937 | D:11     | Noticed Erica
 12947 | D:11     | Killed Erica
 13236 | D:12     | Noticed a two-headed ogre
 13241 | D:12     | Killed a two-headed ogre
 13324 | D:12     | Noticed a six-headed hydra
 13338 | D:12     | Killed a six-headed hydra
 13538 | D:12     | Reached skill level 20 in Axes
 13891 | D:12     | Noticed a two-headed ogre
 13896 | D:12     | Killed a two-headed ogre
 14344 | D:13     | Found Gowecwurch's Antique Weapon Shoppe.
 14347 | D:13     | Bought a glimmering hand axe for 264 gold pieces
 14347 | D:13     | Identified the +9 hand axe "Zaitt" {vorpal, *Corrode Will+
                  | Str+5} (You bought it in a shop on level 13 of the Dungeon)
 14414 | D:13     | Reached skill level 15 in Fighting
 14462 | D:13     | Noticed a centaur warrior
 14464 | D:13     | Identified the +6 scale mail of Salvation {Drain Int+3
                  | Dex+3}
 14472 | D:13     | Killed a centaur warrior
 14595 | D:13     | Noticed a catoblepas
 14602 | D:13     | Killed a catoblepas
 14864 | D:13     | Reached XP level 13. HP: 100/127 MP: 3/12
 14870 | D:13     | Slain by a skeletal warrior

Illustrated notes

Levels and vault maps discovered:
D:1:      dpeg_arrival_chambers_temple_mockup, layout_loops_ring, serial_shops,
          shop
D:2:      layout_loops_cross, shapermc_ecumenical_altar_petra, uniq_sigmund,
          uniq_robin
D:3:      layout_rooms, tso_altar, nicolae_elevator_lobby_plus
D:4:      layout_cave_pools, skrybe_limestone_x, kennysheep_generic_room_8,
          uniq_edmund
D:5:      layout_loops_ring, minitemple, minmay_temple_entry_nine_rooms,
          uniq_pikel
D:6:      layout_loops_ring, kennysheep_ying_yang
D:7:      layout_loops_ring, serial_shops, nicolae_square_shop,
          nicolae_shop_waterfront, grunt_ministairs_6
D:8:      minmay_statue_hallways, layout_loops_cross,
          nicolae_gozag_cash_rules_everything_around_me, grunt_ministairs_7,
          uniq_gastronok, uniq_grum
D:9:      layout_roguey, david_orc_5, enter_bailey_2, hangedman_minor_magic,
          uniq_prince_ribbit1, uniq_harold, uniq_psyche
D:10:     layout_loops_ring, nicolae_vehumet_radiance, david_lair_generic,
          roderic_lattice_a, grunt_tough_drop
D:11:     layout_loops_corners, uniq_erica
D:12:     nicolae_BIG_FREAKIN_CUBE, layout_basic
D:13:     layout_stronghold, serial_column_ruins, column_ruins_hut,
          column_ruins_hut_pillars, column_ruins_columns_corner,
          column_ruins_open_tiny, column_ruins_open_tiny_water,
          column_ruins_columns_corner, serial_shops, kennysheep_mini_moat,
          nrook_uturn, minivault_26

Skill      XL: |  1  2  3  4  5  6  7  8  9 10 11 12 |
---------------+-------------------------------------+-----
Axes           | 4 6 7 9 11 14 16 18 20 | 20.4
Fighting       | 4 5 6 7 8 10 11 13 15 | 15.3
Shields        | 2 4 |  4.0
Armour         | 4 |  4.2
Dodging        | 3 |  3.9

Action                   |  1- 3 |  4- 6 |  7- 9 | 10-12 | 13-15 || total
-------------------------+-------+-------+-------+-------+-------++-------
Melee: Hand axe          |    76 |    98 |   238 |       |       ||   412
       Headbutt          |     6 |    14 |    48 |    78 |     2 ||   148
       War axe           |       |       |    40 |   390 |     6 ||   436
       Whip              |       |       |       |    12 |       ||    12
Throw: Stone             |     8 |       |       |       |       ||     8
Invok: Berserk           |     1 |     3 |    11 |    17 |       ||    32
       Trog's Hand       |     1 |       |     2 |     2 |       ||     5
  Use: Scroll            |       |       |     6 |     6 |       ||    12
       Potion            |       |       |     1 |     1 |       ||     2
 Stab: Sleeping          |     1 |       |       |       |       ||     1
Armor: Animal skin       |    10 |       |       |       |       ||    10
       Ring mail         |     3 |    24 |       |       |       ||    27
       Scale mail        |       |     3 |    36 |       |       ||    39
       Chain mail        |       |       |    27 |    38 |       ||    65
       Plate armour      |       |       |       |    35 |       ||    35
       Troll leather arm |       |       |       |    12 |       ||    12
Dodge: Dodged            |    35 |    49 |   103 |   165 |       ||   352
Block: Buckler           |       |     6 |    37 |    99 |       ||   142

Table legend: (Time is in decaauts)
 A = Elapsed time spent in this place.
 B = Non-inter-level travel time spent in this place.
 C = Inter-level travel time spent in this place.
 D = Time resting spent in this place.
 E = Time spent auto-exploring this place.
 F = Levels seen in this place.
 G = Mean time per level.
                   A        B        C        D        E       F      G
               +--------+--------+--------+--------+--------+-----+--------+
         Total |  14995 |  14614 |    381 |   3140 |   9284 |  14 | 1071.1 |
       Dungeon |  14213 |  13832 |    381 |   2671 |   9094 |  13 | 1093.3 |
        Bailey |    782 |    782 |      0 |    469 |    190 |   1 |  782.0 |
               +--------+--------+--------+--------+--------+-----+--------+

Top non-repeatable levels by time:
     D:9: 1376 daAuts
     D:5: 1375 daAuts
     D:7: 1310 daAuts
     D:6: 1296 daAuts
    D:10: 1236 daAuts
     D:8: 1189 daAuts
    D:12: 1079 daAuts
     D:1: 1061 daAuts
     D:2: 1045 daAuts
    D:11: 973 daAuts
     D:4: 956 daAuts
  Bailey: 782 daAuts
     D:3: 721 daAuts
    D:13: 591 daAuts
